 Dungeon Crawl Stone Soup version 0.23-a0-169-gb21e69520c (webtiles) character file.

329 PikkenKukken the Insei (level 6, -7/49 HPs)
             Began as a Demonspawn Monk on Sept 12, 2018.
             Mangled by an ogre
             ... wielding a +0 giant club
              (19 damage)
             ... on level 4 of the Dungeon.
             The game lasted 00:05:17 (3163 turns).

PikkenKukken the Insei (Demonspawn Monk)            Turns: 3163, Time: 00:05:18

Health: -7/49      AC:  7    Str: 13    XL:     6   Next: 25%
Magic:  6/6        EV: 11    Int: 11    God:
Gold:   193        SH:  0    Dex: 16    Spells: 5/5 levels left

rFire    . . .     SeeInvis .     - Unarmed
rCold    + . .     Gourm    .   (no shield)
rNeg     . . .     Faith    .   l - +0 scale mail
rPois    .         Spirit   .   d - +0 helmet
rElec    .         Reflect  .   (no cloak)
rCorr    .         Harm     .   (no gloves)
MR       .....                  (no boots)
Stlth    ..........             (no amulet)
HPRegen  0.16/turn              k - ring of attention (curse)
MPRegen  0.10/turn              h - ring of protection from cold

@: no status effects
A: claws 1, hooves 2, spiny 1
a: no special abilities


You were on level 4 of the Dungeon.
You were not hungry.

You visited 1 branch of the dungeon, and saw 4 of its levels.

You collected 193 gold pieces.

Inventory:

Armour
 d - a +0 helmet (worn)
 l - a +0 scale mail (worn)
Jewellery
 c - an uncursed ring of magical power
 h - a ring of protection from cold (right claw)
 k - a cursed ring of attention (left claw)
Wands
 q - a wand of flame (16)
Scrolls
 i - 4 scrolls of teleportation
 o - a scroll of amnesia {unknown}
 p - a scroll of identify {unknown}
Potions
 a - 3 potions of curing {unknown}
 e - 2 potions of degeneration {unknown}
 f - 5 potions of lignification {unknown}
 g - a potion of might {unknown}
 j - a potion of ambrosia {unknown}
 m - a potion of heal wounds {unknown}
 r - a potion of flight {unknown}
Comestibles
 b - 13 rations


   Skills:
 + Level 4.3 Fighting
 + Level 4.0 Dodging
 - Level 1.7 Stealth
 * Level 4.9 Unarmed Combat


You had 5 spell levels left.
You didn't know any spells.
Your spell library was empty.

Dungeon Overview and Level Annotations

Branches:
Dungeon (4/15)
 Temple: D:4-7

Altars:
Cheibriados
Fedhas

Annotations:
D:4 2 transporters, Napalmbreeze's ghost, amateur DESu


Innate Abilities, Weirdness & Mutations

You have sharp fingernails.
You have hoof-like feet.
You are partially covered in sharp spines.


Message History

You are too injured to fight recklessly!
You are too injured to fight recklessly!
You are too injured to fight recklessly!
You are too injured to fight recklessly!
You are too injured to fight recklessly!
You are too injured to fight recklessly!
You are too injured to fight recklessly!
You are too injured to fight recklessly!
You are too injured to fight recklessly!
You are too injured to fight recklessly!
Unknown command.
The gnoll hits you from afar with a spear!
The gnoll is struck by your spines. The gnoll hits you with a whip.
* * * LOW HITPOINT WARNING * * *
The gnoll misses you.
There is a stone staircase leading up here.
The gnoll hits you from afar with a spear.
* * * LOW HITPOINT WARNING * * *
The ogre hits you with a giant club!!
You die...

.©...)#©........########
......#........##
...#.W#.......$#
#.#..8#....))..##..
...oa##............
######†)........#..
.....s.Z...........
..s..#gOg.......#.. ....
#..@.......... ...
#..%......#... ..
###....#...... .
)...........
............
#............
##......... #....##...


You could see an ogre, a worker ant, Napalmbreeze's ghost, 2 gnolls, an orc, a
giant cockroach and a jackal skeleton.

Vanquished Creatures
  An ogre (D:4)
  A centaur skeleton (D:4)
  A worker ant (D:3)
  2 gnolls (D:4)
  7 adders
  An ooze (D:4)
  3 worms
  A leopard gecko (D:1)
  12 orcs
  2 giant cockroaches
  8 goblins
  13 hobgoblins
  2 jackals (D:1)
  3 quokkas
  A ball python (D:3)
  7 bats
  5 frilled lizards
  11 kobolds
  A quokka skeleton (D:4)
  7 rats
89 creatures vanquished.

Notes
Turn   | Place    | Note
-------+----------+-------------------------------------------
     0 | D:1      | PikkenKukken the Demonspawn Monk began the quest for the
                  | Orb.
     0 | D:1      | Reached XP level 1. HP: 18/18 MP: 1/1
   405 | D:1      | Gained mutation: You are partially covered in sharp spines.
                  | [demonic ancestry]
   405 | D:1      | Reached XP level 2. HP: 20/24 MP: 2/2
   880 | D:2      | Gained mutation: You have large cloven feet. [demonic
                  | ancestry]
   880 | D:2      | Reached XP level 3. HP: 29/29 MP: 3/3
  1529 | D:2      | Found a blossoming altar of Fedhas.
  1847 | D:3      | Found a snail-covered altar of Cheibriados.
  1967 | D:3      | Gained mutation: You have hoof-like feet. [demonic
                  | ancestry]
  1967 | D:3      | Reached XP level 4. HP: 22/36 MP: 4/4
  2407 | D:3      | Reached XP level 5. HP: 37/42 MP: 5/5
  2841 | D:4      | Noticed an ogre
  2843 | D:4      | Found a transporter.
  2852 | D:4      | Killed an ogre
  2895 | D:2      | Gained mutation: You have sharp fingernails. [demonic
                  | ancestry]
  2895 | D:2      | Reached XP level 6. HP: 11/48 MP: 6/6
  3132 | D:4      | Found a transporter.
  3133 | D:4      | Noticed Napalmbreeze's ghost (amateur DESu)
  3163 | D:4      | Mangled by an ogre

Vault maps used:
D:1:      matt_arrival_refuge
D:2:      fedhas_altar_4, first_ration
D:3:      cheibriados_altar_1, minmay_joined_circles
D:4:      grunt_temple_overflow_champion_of_chaos, portal_sewer_entry_a,
          gammafunk_ghost_arena

Skill      XL: |  1  2  3  4  5  6 |
---------------+-------------------+-----
Unarmed Combat | 3 4 |  4.9
Dodging        | 3 4 |  4.0
Fighting       | 4 |  4.3
Stealth        | |  1.7

Action                   |  1- 3 |  4- 6 || total
-------------------------+-------+-------++-------
Melee: Unarmed           |   130 |   101 ||   231
       Kick              |    27 |    23 ||    50
       Punch             |     2 |     1 ||     3
  Use: Scroll            |     5 |     1 ||     6
 Stab: Sleeping          |     7 |       ||     7
  Eat: Chunk             |     3 |     4 ||     7
Armor: Robe              |    13 |       ||    13
       Scale mail        |     5 |    36 ||    41
Dodge: Dodged            |    87 |    51 ||   138

Table legend:
 A = Non-vault XP
 B = Vault XP
 C = Vault XP percentage of total XP
 D = Non-vault monster count
 E = Vault monster count
 F = Vault count percentage of total count
                 A         B        C        D         E       F
            +---------+---------+-------+---------+---------+-------
      Total |     387 |      84 |  17.8 |      73 |      16 |  18.0
            +---------+---------+-------+---------+---------+-------
        D:1 |      35 |       0 |   0.0 |      21 |       0 |   0.0
        D:2 |      57 |       0 |   0.0 |      22 |       0 |   0.0
        D:3 |      91 |      84 |  48.0 |      22 |      16 |  42.1
        D:4 |     204 |       0 |   0.0 |       8 |       0 |   0.0
            +---------+---------+-------+---------+---------+-------
